Workbook
Name _\0: #REF!
Name _\00: #REF!
Name _\AA: [1]LIQUIDACION!#REF!
Name _\b: [2]STRSUMM0!#REF!
Name _\bb: [2]STRSUMM0!#REF!
Name _\E: #REF!
Name _\EE: #REF!
Name _\G: #REF!
Name _\k: '[3]7422CW00'!#REF!
Name _\l: [4]STRSUMM0!#REF!
Name _\M: #REF!
Name _\ñ: '[5]7422CW00'!#REF!
Name _\P: #REF!
Name _\R: #REF!
Name _\V: #REF!
Name __\a: #REF!
Name __\s: #REF!
Name __\X: ERR
Name __\Z: ERR
Name _______________________________________f: #REF!
Name ______________________________________f: #REF!
Name _____________________________________f: #REF!
Name ____________________________________f: #REF!
Name ___________________________________f: #REF!
Name __________________________________f: #REF!
Name _________________________________f: #REF!
Name ________________________________f: #REF!
Name _______________________________f: #REF!
Name ______________________________f: #REF!
Name _____________________________f: #REF!
Name ____________________________f: #REF!
Name ___________________________f: #REF!
Name __________________________f: #REF!
Name _________________________f: #REF!
Name ________________________f: #REF!
Name _______________________f: #REF!
Name ______________________f: #REF!
Name _____________________f: #REF!
Name ____________________f: #REF!
Name ___________________f: #REF!
Name __________________f: #REF!
Name _________________f: #REF!
Name ________________f: #REF!
Name _______________f: #REF!
Name ______________f: #REF!
Name _____________f: #REF!
Name ____________f: #REF!
Name ___________f: #REF!
Name __________f: #REF!
Name _________AFC1: [6]INV!$A$25:$D$28
Name _________AFC3: [6]INV!$F$25:$I$28
Name _________AFC5: [6]INV!$K$25:$N$28
Name _________BGC1: [6]INV!$A$5:$D$8
Name _________BGC3: [6]INV!$F$5:$I$8
Name _________BGC5: [6]INV!$K$5:$N$8
Name _________CAC1: [6]INV!$A$19:$D$22
Name _________CAC3: [6]INV!$F$19:$I$22
Name _________CAC5: [6]INV!$K$19:$N$22
Name _________f: #REF!
Name _________PJ50: #REF!

Sheet PRESUPUESTO OFICIAL (Entidad)
C3: Formulario 1 - Propuesta económica - Documento tipo de licitación de obra pública de infraestructura de transporte - versión 4
C4: Código | D4: CCE-EICP-FM-14 | E4: Versión | F4: 4
C5: FORMULARIO 1
C6: PRESUPUESTO OFICIAL
C7: [La entidad puede utilizar este formulario de detalle del presupuesto oficial para determinar las condiciones bajo las cuales los proponentes analizarán y presentarán su propuesta económica de forma detallada, sin perjuicio que la entidad pueda modificarlo o establecer la presentación de la oferta económica con un formulario distinto al indicado.]
C9: Adicionalmente, cuando el proceso de contratación es estructurado por precios unitarios, la Entidad debe aplicar las notas 1, 2 y 3 del presente formulario y las casillas de "Descripción", "Porcentaje" de la Administración, Imprevisto, Utilidad y total A.I.U. resaltadas en color amarillo. Tratándose de otras modalidades de precio, la Entidad puede o no configurar los mismos aspectos.
C11: Nº | D11: ÍTEM DE PAGO | E11: ESPECIFICACIONES | G11: DESCRIPCIÓN | H11: UND. | I11: CANTIDAD | J11: VALOR UNITARIO | K11: VALOR TOTAL
E12: GENERAL | F12: PARTICULAR
C13: SALINAS COLEGIO ALTO
D14: CAPITULO 1 | E14: MANTENIMIENTO VIAL
D15: 1.1 | E15: ICCU 6.1 | G15: CONFORMACIÓN DE LA CALZADA EXISTENTE | H15: M2 | I15: =+'Memorias de cantidades'!$I$6 -> 189 | J15: =1216*1.33 -> 1617.28 | K15: =ROUND(I15*J15,2) -> 305665.92
C16: Subtotal | K16: =SUM(K15:K15) -> 305665.92
D17: CAPITULO 2 | E17: ESTRUCTURA DE PAVIMENTO
D18: 2.1 | E18: ICCU 3.15 | G18: AFIRMADO | H18: M3 | I18: =+'Memorias de cantidades'!$I$25 -> 28.35 | J18: =118269*1.33 -> 157297.77 | K18: =ROUND(I18*J18,2) -> 4459391.8
C19: Subtotal | K19: =SUM(K18) -> 4459391.8
D20: CAPITULO 3 | E20: EXPLANACIÓN Y EXCAVACIONES
D21: 3.1 | E21: ICCU 4.13 | G21: EXCAVACIONES VARIAS EN MATERIAL COMÚN SECO A MANO (INCLUYE RETIRO DE SOBRANTES A UNA DISTANCIA MENOR DE 5 KM) | H21: M3 | I21: =SUM('Memorias de cantidades'!$I$51:$I$53) -> 3.213 | J21: =71810*1.33 -> 95507.3 | K21: =ROUND(I21*J21,2) -> 306864.95
C22: Subtotal | K22: =SUM(K21:K21) -> 306864.95
D23: CAPITULO 4 | E23: OBRAS DE ARTE
D24: 4.1 | E24: ICCU 4.6 | G24: CONCRETOS CLASE D, f´c =3000 PSI (BASES) | H24: M3 | I24: =SUM('Memorias de cantidades'!$I$96:$I$98) -> 11.736 | J24: =841760*1.33 -> 1119540.8 | K24: =ROUND(I24*J24,2) -> 13138931
D25: 4.2 | E25: ICCU 4.25 | G25: CONCRETO CICLÓPEO CLASE G, 2000 PSI 40% RAJON PARA BASES | H25: M3 | I25: =SUM('Memorias de cantidades'!$I$130:$I$131) -> 8.33625 | J25: =606157*1.33 -> 806188.81 | K25: =ROUND(I25*J25,2) -> 6720591.5
D26: 4.3 | E26: ICCU 4.21 | G26: CUNETA DE CONCRETO CLASE E, 2500 PSI FUNDIDA EN EL LUGAR | H26: M3 | I26: ='Memorias de cantidades'!$I$161 -> 7.56 | J26: =688802*1.33 -> 916106.66 | K26: =ROUND(I26*J26,2) -> 6925766.3
D27: 4.4 | E27: ICCU 4.52 | G27: SUMINISTRO FIGURADO Y ARMADO DE ACERO DE REFUERZO 60000 PSI | H27: KG | I27: =SUM('Memorias de cantidades'!$I$185:$I$195) -> 1104.915 | J27: =8431*1.33 -> 11213.23 | K27: =ROUND(I27*J27,2) -> 12389666
C28: Subtotal | K28: =SUM(K24:K27) -> 39174954
C29: RANCHERIA SECTOR EL RETEN
D30: CAPITULO 1 | E30: MANTENIMIENTO VIAL
D31: 1.1 | E31: ICCU 6.1 | G31: CONFORMACIÓN DE LA CALZADA EXISTENTE | H31: M2 | I31: ='Memorias de cantidades'!$I$8 -> 200 | J31: =1216*1.33 -> 1617.28 | K31: =ROUND(I31*J31,2) -> 323456
C32: Subtotal | K32: =SUM(K31:K31) -> 323456
D33: CAPITULO 2 | E33: ESTRUCTURA DE PAVIMENTO
D34: 2.1 | E34: ICCU 3.15 | G34: AFIRMADO | H34: M3 | I34: ='Memorias de cantidades'!$I$27 -> 30 | J34: =118269*1.33 -> 157297.77 | K34: =ROUND(I34*J34,2) -> 4718933.1
C35: Subtotal | K35: =SUM(K34) -> 4718933.1
D36: CAPITULO 3 | E36: EXPLANACIÓN Y EXCAVACIONES
D37: 3.1 | E37: ICCU 4.13 | G37: EXCAVACIONES VARIAS EN MATERIAL COMÚN SECO A MANO (INCLUYE RETIRO DE SOBRANTES A UNA DISTANCIA MENOR DE 5 KM) | H37: M3 | I37: =SUM('Memorias de cantidades'!$I$55:$I$57) -> 3.198 | J37: =71810*1.33 -> 95507.3 | K37: =ROUND(I37*J37,2) -> 305432.35
C38: Subtotal | K38: =SUM(K37:K37) -> 305432.35
D39: CAPITULO 4 | E39: OBRAS DE ARTE
D40: 4.1 | E40: ICCU 4.6 | G40: CONCRETOS CLASE D, f´c =3000 PSI (BASES) | H40: M3 | I40: =SUM('Memorias de cantidades'!$I$100:$I$102) -> 11.0865 | J40: =841760*1.33 -> 1119540.8 | K40: =ROUND(I40*J40,2) -> 12411789
D41: 4.2 | E41: ICCU 4.25 | G41: CONCRETO CICLÓPEO CLASE G, 2000 PSI 40% RAJON PARA BASES | H41: M3 | I41: =SUM('Memorias de cantidades'!$I$133:$I$134) -> 10.26 | J41: =606157*1.33 -> 806188.81 | K41: =ROUND(I41*J41,2) -> 8271497.2
D42: 4.3 | E42: ICCU 4.21 | G42: CUNETA DE CONCRETO CLASE E, 2500 PSI FUNDIDA EN EL LUGAR | H42: M3 | I42: ='Memorias de cantidades'!$I$163 -> 7.2 | J42: =688802*1.33 -> 916106.66 | K42: =ROUND(I42*J42,2) -> 6595968
D43: 4.4 | E43: ICCU 4.52 | G43: SUMINISTRO FIGURADO Y ARMADO DE ACERO DE REFUERZO 60000 PSI | H43: KG | I43: =SUM('Memorias de cantidades'!$I$197:$I$207) -> 1032.6934 | J43: =8431*1.33 -> 11213.23 | K43: =ROUND(I43*J43,2) -> 11579828
C44: Subtotal | K44: =SUM(K40:K43) -> 38859083
C45: GOBERNADOR SECTOR TALLER MIGUELIN
D46: CAPITULO 1 | E46: MANTENIMIENTO VIAL
D47: 1.1 | E47: ICCU 6.1 | G47: CONFORMACIÓN DE LA CALZADA EXISTENTE | H47: M2 | I47: ='Memorias de cantidades'!$I$10 -> 166.5 | J47: =1216*1.33 -> 1617.28 | K47: =ROUND(I47*J47,2) -> 269277.12
C48: Subtotal | K48: =SUM(K47:K47) -> 269277.12
D49: CAPITULO 2 | E49: ESTRUCTURA DE PAVIMENTO
D50: 2.1 | E50: ICCU 3.15 | G50: AFIRMADO | H50: M3 | I50: ='Memorias de cantidades'!$I$29 -> 24.975 | J50: =118269*1.33 -> 157297.77 | K50: =ROUND(I50*J50,2) -> 3928511.8
C51: Subtotal | K51: =SUM(K50) -> 3928511.8
D52: CAPITULO 3 | E52: EXPLANACIÓN Y EXCAVACIONES
D53: 3.1 | E53: ICCU 4.13 | G53: EXCAVACIONES VARIAS EN MATERIAL COMÚN SECO A MANO (INCLUYE RETIRO DE SOBRANTES A UNA DISTANCIA MENOR DE 5 KM) | H53: M3 | I53: =SUM('Memorias de cantidades'!I59:I61) -> 2.8635 | J53: =71810*1.33 -> 95507.3 | K53: =ROUND(I53*J53,2) -> 273485.15
C54: Subtotal | K54: =SUM(K53:K53) -> 273485.15
D55: CAPITULO 4 | E55: OBRAS DE ARTE
D56: 4.1 | E56: ICCU 4.6 | G56: CONCRETOS CLASE D, f´c =3000 PSI (BASES) | H56: M3 | I56: =SUM('Memorias de cantidades'!$I$104:$I$106) -> 10.84275 | J56: =841760*1.33 -> 1119540.8 | K56: =ROUND(I56*J56,2) -> 12138901
D57: 4.2 | E57: ICCU 4.25 | G57: CONCRETO CICLÓPEO CLASE G, 2000 PSI 40% RAJON PARA BASES | H57: M3 | I57: =SUM('Memorias de cantidades'!$I$136:$I$137) -> 7.695 | J57: =606157*1.33 -> 806188.81 | K57: =ROUND(I57*J57,2) -> 6203622.9
D58: 4.3 | E58: ICCU 4.21 | G58: CUNETA DE CONCRETO CLASE E, 2500 PSI FUNDIDA EN EL LUGAR | H58: M3 | I58: ='Memorias de cantidades'!$I$165 -> 6.66 | J58: =688802*1.33 -> 916106.66 | K58: =ROUND(I58*J58,2) -> 6101270.4
D59: 4.4 | E59: ICCU 4.52 | G59: SUMINISTRO FIGURADO Y ARMADO DE ACERO DE REFUERZO 60000 PSI | H59: KG | I59: =SUM('Memorias de cantidades'!$I$209:$I$219) -> 1020.4121 | J59: =8431*1.33 -> 11213.23 | K59: =ROUND(I59*J59,2) -> 11442116
C60: Subtotal | K60: =SUM(K56:K59) -> 35885910
C61: CHALECHE SECTOR LAS CURVAS
D62: CAPITULO 1 | E62: MANTENIMIENTO VIAL
D63: 1.1 | E63: ICCU 6.1 | G63: CONFORMACIÓN DE LA CALZADA EXISTENTE | H63: M2 | I63: ='Memorias de cantidades'!$I$12 -> 204 | J63: =1216*1.33 -> 1617.28 | K63: =ROUND(I63*J63,2) -> 329925.12
C64: Subtotal | K64: =SUM(K63:K63) -> 329925.12
D65: CAPITULO 2 | E65: ESTRUCTURA DE PAVIMENTO
D66: 2.1 | E66: ICCU 3.15 | G66: AFIRMADO | H66: M3 | I66: ='Memorias de cantidades'!$I$31 -> 30.6 | J66: =118269*1.33 -> 157297.77 | K66: =ROUND(I66*J66,2) -> 4813311.8
C67: Subtotal | K67: =SUM(K66) -> 4813311.8
D68: CAPITULO 3 | E68: EXPLANACIÓN Y EXCAVACIONES
D69: 3.1 | E69: ICCU 4.13 | G69: EXCAVACIONES VARIAS EN MATERIAL COMÚN SECO A MANO (INCLUYE RETIRO DE SOBRANTES A UNA DISTANCIA MENOR DE 5 KM) | H69: M3 | I69: =SUM('Memorias de cantidades'!$I$63:$I$65) -> 2.64 | J69: =71810*1.33 -> 95507.3 | K69: =ROUND(I69*J69,2) -> 252139.27
C70: Subtotal | K70: =SUM(K69:K69) -> 252139.27
D71: CAPITULO 4 | E71: OBRAS DE ARTE
D72: 4.1 | E72: ICCU 4.6 | G72: CONCRETOS CLASE D, f´c =3000 PSI (BASES) | H72: M3 | I72: =SUM('Memorias de cantidades'!$I$108:$I$111) -> 14.412 | J72: =841760*1.33 -> 1119540.8 | K72: =ROUND(I72*J72,2) -> 16134822
D73: 4.2 | E73: ICCU 4.25 | G73: CONCRETO CICLÓPEO CLASE G, 2000 PSI 40% RAJON PARA BASES | H73: M3 | I73: =SUM('Memorias de cantidades'!$I$139:$I$140) -> 9.234 | J73: =606157*1.33 -> 806188.81 | K73: =ROUND(I73*J73,2) -> 7444347.5
D74: 4.3 | E74: ICCU 4.21 | G74: CUNETA DE CONCRETO CLASE E, 2500 PSI FUNDIDA EN EL LUGAR | H74: M3 | I74: ='Memorias de cantidades'!$I$167 -> 5.4 | J74: =688802*1.33 -> 916106.66 | K74: =ROUND(I74*J74,2) -> 4946976
D75: 4.4 | E75: ICCU 4.52 | G75: SUMINISTRO FIGURADO Y ARMADO DE ACERO DE REFUERZO 60000 PSI | H75: KG | I75: =SUM('Memorias de cantidades'!$I$221:$I$233) -> 1077.0564 | J75: =8431*1.33 -> 11213.23 | K75: =ROUND(I75*J75,2) -> 12077282
C76: Subtotal | K76: =SUM(K72:K75) -> 40603427
C77: ESPIGAS SECTOR CURVA DEL GATO
D78: CAPITULO 1 | E78: MANTENIMIENTO VIAL
D79: 1.1 | E79: ICCU 6.1 | G79: CONFORMACIÓN DE LA CALZADA EXISTENTE | H79: M2 | I79: ='Memorias de cantidades'!$I$14 -> 189 | J79: =1216*1.33 -> 1617.28 | K79: =ROUND(I79*J79,2) -> 305665.92
C80: Subtotal | K80: =SUM(K79:K79) -> 305665.92
D81: CAPITULO 2 | E81: ESTRUCTURA DE PAVIMENTO
D82: 2.1 | E82: ICCU 3.15 | G82: AFIRMADO | H82: M3 | I82: ='Memorias de cantidades'!$I$33 -> 28.35 | J82: =118269*1.33 -> 157297.77 | K82: =ROUND(I82*J82,2) -> 4459391.8
C83: Subtotal | K83: =SUM(K82) -> 4459391.8
D84: CAPITULO 3 | E84: EXPLANACIÓN Y EXCAVACIONES
D85: 3.1 | E85: ICCU 4.13 | G85: EXCAVACIONES VARIAS EN MATERIAL COMÚN SECO A MANO (INCLUYE RETIRO DE SOBRANTES A UNA DISTANCIA MENOR DE 5 KM) | H85: M3 | I85: =SUM('Memorias de cantidades'!I67:I69) -> 3.042 | J85: =71810*1.33 -> 95507.3 | K85: =ROUND(I85*J85,2) -> 290533.21
C86: Subtotal | K86: =SUM(K85:K85) -> 290533.21
D87: CAPITULO 4 | E87: OBRAS DE ARTE
D88: 4.1 | E88: ICCU 4.6 | G88: CONCRETOS CLASE D, f´c =3000 PSI (BASES) | H88: M3 | I88: =SUM('Memorias de cantidades'!I113:I115) -> 11.736 | J88: =841760*1.33 -> 1119540.8 | K88: =ROUND(I88*J88,2) -> 13138931
D89: 4.2 | E89: ICCU 4.25 | G89: CONCRETO CICLÓPEO CLASE G, 2000 PSI 40% RAJON PARA BASES | H89: M3 | I89: =SUM('Memorias de cantidades'!I142:I143) -> 8.33625 | J89: =606157*1.33 -> 806188.81 | K89: =ROUND(I89*J89,2) -> 6720591.5
D90: 4.3 | E90: ICCU 4.21 | G90: CUNETA DE CONCRETO CLASE E, 2500 PSI FUNDIDA EN EL LUGAR | H90: M3 | I90: ='Memorias de cantidades'!$I$169 -> 7.56 | J90: =688802*1.33 -> 916106.66 | K90: =ROUND(I90*J90,2) -> 6925766.3
D91: 4.4 | E91: ICCU 4.52 | G91: SUMINISTRO FIGURADO Y ARMADO DE ACERO DE REFUERZO 60000 PSI | H91: KG | I91: =SUM('Memorias de cantidades'!I235:I245) -> 1104.915 | J91: =8431*1.33 -> 11213.23 | K91: =ROUND(I91*J91,2) -> 12389666
C92: Subtotal | K92: =SUM(K88:K91) -> 39174954
C93: SUBTOTAL OBRAS | K93: =SUM(K92,K86,K83,K80,K76,K70,K67,K64,K60,K54,K51,K48,K44,K38,K35,K32,K28,K22,K19,K16) -> 2.1904031e+08
G98: SUBTOTAL OBRAS (INCLUYE IVA) | K98: =+K93 -> 2.1904031e+08
G102: VALOR TOTAL | K102: =+K98 -> 2.1904031e+08
C105: NOTA 1: Se debe tener en cuenta que el PRECIO UNITARIO incluye el valor de A.I.U. | H105: DESCRIPCION | K105: PORCENTAJE
C106: NOTA 2: Cuando la fracción decimal del peso sea igual o superior a 5 se aproximará por exceso al número entero siguiente del peso y cuando la fracción decimal del peso sea inferior a 5 se aproximará por defecto al número entero del peso. | H106: ADMINISTRACIÓN | J106: A= | K106: 0.27
C107: NOTA 3: El A.I.U y su discriminación deben estar en porcentaje (%). | H107: IMPREVISTO | J107: I= | K107: 0.03
H108: UTILIDAD | J108: U= | K108: 0.03
H109: TOTAL A.I.U | J109: A.I.U.= | K109: =+SUM(K106:K108) -> 0.33

Sheet AIU
B3: ANALISIS DE ADMINSTRACIÓN, IMPREVISTOS Y UTILIDAD
B6: OBJETO DEL PROYECTO: | D6: "EJECUTAR OBRAS PARA LA CONSTRUCCIÓN DE PLACA HUELLAS EN DIFERENTES SECTORES DE LAS VEREDAS DEL MUNICIPIO DE SESQUILÉ, EN EL MARCO DEL PRESUPUESTO PARTICIPATIVO 2026".
B8: DURACIÓN EN MESES | C8: COSTO TOTAL DIRECTO DEL PROYECTO | E8: ADMINISTRACIÓN | F8: IMPREVISTOS | G8: UTILIDAD | H8: CERTIFICACIONES | I8: COSTO DEL PROYECTO CON AIU
B9: 3 | C9: 1.6469197e+08 | E9: =C9*E10 -> 44466831 | F9: =C9*F10 -> 4940759 | G9: =C9*G10 -> 4940759 | H9: No aplica. | I9: =SUM(C9:H9,0) -> 2.1904031e+08
B10: =B9 -> 3 | E10: 0.27 | F10: 0.03 | G10: 0.03
B12: A. 1. ADMINISTRACION - PERSONAL
B13: Item | C13: Descripción | D13: Unidad | E13: Precio-Unit. | F13: Cantidad | G13: Duración | I13: % DEDICACIÓN | J13: Valor Parcial
B14: 1 | C14: Director de obra | D14: Mes | E14: 3000000 | F14: 1 | G14: =+$B$9 -> 3 | I14: 0.1 | J14: =+(E14*G14)*I14 -> 900000
B15: 2 | C15: Residente de obra | D15: Mes | E15: 2500000 | F15: 1 | G15: =+$B$9 -> 3 | I15: 1 | J15: =+(E15*G15)*I15 -> 7500000
B16: 3 | C16: Topografo | D16: Mes | E16: 2000000 | F16: 1 | G16: =+$B$9 -> 3 | I16: 0.24727532 | J16: =+(E16*G16)*I16 -> 1483651.9
B17: 4 | C17: Profesional y/o residente SISO | D17: Mes | E17: 2000000 | F17: 1 | G17: =+$B$9 -> 3 | I17: 0.5 | J17: =+(E17*G17)*I17 -> 3000000
B18: Observaciones: | G18: Sub-Total | J18: =ROUND((SUM(J14:J17)),2) -> 12883652
B19: A. 2.ADMINISTRACION - INSTALACIONES PROVISIONALES
B20: Item | C20: Descripción | D20: Unidad | E20: Precio-Unit. | F20: Cantidad | G20: Duración | I20: % PARTIC | J20: Valor Parcial
B21: 1 | C21: Servicio de acueducto provisional | D21: Mes | E21: 250000 | F21: 1 | G21: =+B9 -> 3 | I21: 1 | J21: =IF(LEN(C21)>0,ROUND(E21*F21*G21,2),"") -> 750000
B22: 2 | C22: Campamento de obra materiales y oficina | D22: Mes | E22: 250000 | F22: 1 | G22: =+B10 -> 3 | I22: 1 | J22: =IF(LEN(C22)>0,ROUND(E22*F22*G22,2),"") -> 750000
B23: Observaciones: | G23: Sub-Total | J23: =ROUND((SUM(J21:J22)),2) -> 1500000
B24: A. 3. ADMINISTRACION - PAPELERIA EQUIPO DE OFICINA-ENSAYOS DE CALIDAD Y OTROS
B25: Item | C25: Descripción | D25: Unidad | E25: Precio-Unit. | F25: Cantidad | G25: Duración | I25: % PARTIC | J25: Valor Parcial
B26: 1 | C26: Ensayos de compresión al concreto | D26: Und | E26: 30000 | F26: 10 | G26: 1 | I26: 1 | J26: =+E26*F26 -> 300000
B27: 2 | C27: Ensayo de clasificación de materiales | D27: Und | E27: 400000 | F27: 3 | G27: 1 | I27: 1 | J27: =+E27*F27 -> 1200000
B28: 3 | C28: Diseño de mezclas | D28: Und | E28: 700000 | F28: 1 | G28: 1 | I28: 1 | J28: =IF(LEN(C28)>0,ROUND(E28*F28*G28,2),"") -> 700000
B29: 4 | C29: Densidades en obra | D29: Und | E29: 250000 | F29: 5 | G29: 1 | I29: 1 | J29: =IF(LEN(C29)>0,ROUND(E29*F29*G29,2),"") -> 1250000
B30: 5 | C30: Seguridad y dotacion en obra | D30: Global | E30: 1000000 | F30: 1 | G30: 1 | I30: 1 | J30: =IF(LEN(C30)>0,ROUND(E30*F30*G30,2),"") -> 1000000
B31: Observaciones: | G31: Sub-Total | J31: =ROUND((SUM(J26:J30)),2) -> 4450000
B32: A. 4.GASTOS DE LEGALIZACION
B33: Item | C33: Descripción | D33: Unidad | E33: Precio-Unit. | F33: Cantidad | G33: Duración | I33: % PARTIC | J33: Valor Parcial
B34: 1 | C34: Polizas y garantias | D34: Und | E34: 600000 | F34: 1 | G34: 1 | J34: =+E34 -> 600000
B35: 2 | C35: Contribución especial contratos | D35: Und | E35: =+C9*0.05 -> 8234598.3 | F35: 1 | G35: 1 | I35: 0.05 | J35: =+E35 -> 8234598.3
B36: 3 | C36: Estampilla Adulto mayor | D36: Und | E36: =+C9*0.04 -> 6587678.6 | F36: 1 | G36: 1 | I36: 0.04 | J36: =+E36 -> 6587678.6
B37: 4 | C37: Estampilla al deporte | D37: Und | E37: =+C9*0.02 -> 3293839.3 | F37: 1 | G37: 1 | I37: 0.02 | J37: =+E37 -> 3293839.3
B38: 5 | C38: Estampilla Pro Cultura | D38: Und | E38: =+C9*0.035 -> 5764218.8 | F38: 1 | G38: 1 | I38: 0.02 | J38: =+E38 -> 5764218.8
B39: 6 | C39: ICA | D39: Und | E39: =C9*0.007 -> 1152843.8 | F39: 1 | G39: 1 | I39: 0.7% | J39: =+E39 -> 1152843.8
B41: Observaciones: | G41: Sub-Total Legalización | J41: =+SUM(J34:J39) -> 25633179
D42: TOTAL COSTO DE ADMINSITRACION - APROX A CERO DECIMALES | J42: =+J18+J23+J31+J41 -> 44466831
I46: 0.23 | J46: =+E9 -> 44466831

Sheet Memorias de cantidades
A3: ITEM | B3: LOCALIZACION | C3: DIMENSIONES | F3: AREA | G3: UNIDADES TOTALES | H3: CANT | I3: PARCIAL | J3: TOTAL | K3: UNID.
A4: =+'[129]Presupuesto '!B10 -> 1.1 | C4: LARGO/RADIO PROM | D4: ANCHO PROM | E4: ALTO/ESP
A5: =+'[129]Presupuesto '!D10 -> CONFORMACIÓN DE LA CALZADA EXISTENTE | B5: SALINAS ALTO COLEGIO
B6: SALINAS ALTO COLEGIO | C6: 42 | D6: 4.5 | F6: =+PRODUCT(C6:E6) -> 189 | H6: 1 | I6: =+F6*H6 -> 189
B7: RANCHERIA SECTOR EL RETEN
B8: RANCHERIA SECTOR EL RETEN | C8: 40 | D8: 5 | F8: =+PRODUCT(C8:E8) -> 200 | H8: 1 | I8: =+F8*H8 -> 200
B9: GOBERNADOR MIGUELIN
B10: GOBERNADOR MIGUELIN | C10: 37 | D10: 4.5 | F10: =+PRODUCT(C10:E10) -> 166.5 | H10: 1 | I10: =+F10*H10 -> 166.5
B11: CHALECHE LAS CURVAS
B12: CHALECHE LAS CURVAS | C12: 30 | D12: 6.8 | F12: =+PRODUCT(C12:E12) -> 204 | H12: 1 | I12: =+F12*H12 -> 204
B13: ESPIGAS LA CURVA DEL GATO
B14: ESPIGAS | C14: 42 | D14: 4.5 | F14: =+PRODUCT(C14:E14) -> 189 | H14: 1 | I14: =+F14*H14 -> 189
C17: =C6+C8+C10+C12+C14 -> 191
J20: =SUM(I6:I19,0) -> 948.5 | K20: M2
A22: ITEM | B22: LOCALIZACION | C22: DIMENSIONES | F22: VOL | G22: UNIDADES TOTALES | H22: CANT | I22: PARCIAL | J22: TOTAL | K22: UNID.
A23: =+'[129]Presupuesto '!B12 -> 2.1 | C23: LARGO/RADIO PROM | D23: ANCHO PROM | E23: ALTO/ESP
A24: =+'[129]Presupuesto '!D12 -> AFIRMADO | B24: SALINAS ALTO COLEGIO
B25: SALINAS ALTO COLEGIO | C25: 42 | D25: 4.5 | E25: 0.15 | F25: =+PRODUCT(C25:E25) -> 28.35 | H25: 1 | I25: =+F25*H25 -> 28.35
B26: RANCHERIA SECTOR EL RETEN
B27: RANCHERIA SECTOR EL RETEN | C27: 40 | D27: 5 | E27: 0.15 | F27: =+PRODUCT(C27:E27) -> 30 | H27: 1 | I27: =+F27*H27 -> 30
B28: GOBERNADOR MIGUELIN
B29: GOBERNADOR MIGUELIN | C29: 37 | D29: 4.5 | E29: 0.15 | F29: =+PRODUCT(C29:E29) -> 24.975 | H29: 1 | I29: =+F29*H29 -> 24.975
B30: CHALECHE LAS CURVAS
B31: CHALECHE LAS CURVAS | C31: 30 | D31: 6.8 | E31: 0.15 | F31: =+PRODUCT(C31:E31) -> 30.6 | H31: 1 | I31: =+F31*H31 -> 30.6
B32: ESPIGAS LA CURVA DEL GATO
B33: ESPIGAS LA CURVA DEL GATO | C33: 42 | D33: 4.5 | E33: 0.15 | F33: =+PRODUCT(C33:E33) -> 28.35 | H33: 1 | I33: =+F33*H33 -> 28.35
J46: =SUM(I25:I45,0) -> 142.275 | K46: M3
A48: ITEM | B48: LOCALIZACION | C48: DIMENSIONES | F48: VOL | G48: UNIDADES TOTALES | H48: CANT | I48: PARCIAL | J48: TOTAL | K48: UNID.
A49: =+'[129]Presupuesto '!B14 -> 3.1 | C49: LARGO/RADIO PROM | D49: ANCHO PROM | E49: ALTO/ESP
A50: =+'[129]Presupuesto '!D14 -> EXCAVACIONES VARIAS EN MATERIAL COMÚN SECO A MANO (INCLUYE RETIRO DE SOBRANTES A UNA DISTANCIA MENOR DE 5 KM) | B50: SALINAS ALTO COLEGIO
B51: VIGAS | C51: 3.3 | D51: 0.15 | E51: 0.1 | F51: =+PRODUCT(C51:E51) -> 0.0495 | H51: 14 | I51: =+F51*H51 -> 0.693
B52: CUNETAS | C52: 42 | D52: 0.6 | E52: 0.05 | F52: =+PRODUCT(C52:E52) -> 1.26 | H52: 2 | I52: =+F52*H52 -> 2.52
B53: RAMPAS | C53: 0 | D53: 3.3 | E53: 0.075 | F53: =+PRODUCT(C53:E53) -> 0 | H53: 1 | I53: =+F53*H53 -> 0
B54: RANCHERIA SECTOR EL RETEN
B55: vigas | C55: 3.8 | D55: 0.15 | E55: 0.1 | F55: =+PRODUCT(C55:E55) -> 0.057 | H55: 14 | I55: =+F55*H55 -> 0.798
B56: cunetas | C56: 40 | D56: 0.6 | E56: 0.05 | F56: =+PRODUCT(C56:E56) -> 1.2 | H56: 2 | I56: =+F56*H56 -> 2.4
B57: rampas | F57: =+PRODUCT(C57:E57) -> 0 | H57: 1 | I57: =+F57*H57 -> 0
B58: GOBERNADOR MIGUELIN
B59: vigas | C59: 3.3 | D59: 0.15 | E59: 0.1 | F59: =+PRODUCT(C59:E59) -> 0.0495 | H59: 13 | I59: =+F59*H59 -> 0.6435
B60: cunetas | C60: 37 | D60: 0.6 | E60: 0.05 | F60: =+PRODUCT(C60:E60) -> 1.11 | H60: 2 | I60: =+F60*H60 -> 2.22
B61: rampas | F61: =+PRODUCT(C61:E61) -> 0 | H61: 1 | I61: =+F61*H61 -> 0
B62: CHALECHE LAS CURVAS
B63: vigas | C63: 5.6 | D63: 0.15 | E63: 0.1 | F63: =+PRODUCT(C63:E63) -> 0.084 | H63: 10 | I63: =+F63*H63 -> 0.84
B64: cunetas | C64: 30 | D64: 0.6 | E64: 0.05 | F64: =+PRODUCT(C64:E64) -> 0.9 | H64: 2 | I64: =+F64*H64 -> 1.8
B65: rampas | F65: =+PRODUCT(C65:E65) -> 0 | H65: 1 | I65: =+F65*H65 -> 0
B66: ESPIGAS LA CURVA DEL GATO
B67: vigas | C67: 3.3 | D67: 0.15 | E67: 0.1 | F67: =+PRODUCT(C67:E67) -> 0.0495 | H67: 14 | I67: =+F67*H67 -> 0.693
B68: cunetas | C68: 39.15 | D68: 0.6 | E68: 0.05 | F68: =+PRODUCT(C68:E68) -> 1.1745 | H68: 2 | I68: =+F68*H68 -> 2.349
B69: rampas | F69: =+PRODUCT(C69:E69) -> 0 | H69: 1 | I69: =+F69*H69 -> 0
J91: =SUM(I51:I78,0) -> 14.9565 | K91: M3
A93: ITEM | B93: LOCALIZACION | C93: DIMENSIONES | F93: VOL | G93: UNIDADES TOTALES | H93: CANT | I93: PARCIAL | J93: TOTAL | K93: UNID.
A94: =+'[129]Presupuesto '!B16 -> 4.1 | C94: LARGO/RADIO PROM | D94: ANCHO PROM | E94: ALTO/ESP
A95: =+'[129]Presupuesto '!D16 -> CONCRETOS CLASE D, f´c =3000 PSI (BASES) | B95: SALINAS ALTO COLEGIO
B96: LOSAS | C96: 2.85 | D96: 0.9 | E96: 0.15 | F96: =+PRODUCT(C96:E96) -> 0.38475 | G96: 13 | H96: 2 | I96: =F96*H96*G96 -> 10.0035
B97: VIGAS | C97: 3.3 | D97: 0.15 | E97: 0.25 | F97: =+PRODUCT(C97:E97) -> 0.12375 | H97: 14 | I97: =F97*H97 -> 1.7325
B98: RAMPAS | C98: 0 | D98: 3.3 | E98: 0.15 | F98: =+PRODUCT(C98:E98) -> 0 | H98: 1 | I98: =F98*H98 -> 0
B99: RANCHERIA SECTOR EL RETEN
B100: LOSAS | C100: 2.85 | D100: 0.9 | E100: 0.15 | F100: =+PRODUCT(C100:E100) -> 0.38475 | G100: 12 | H100: 2 | I100: =F100*H100*G100 -> 9.234
B101: VIGAS | C101: 3.8 | D101: 0.15 | E101: 0.25 | F101: =+PRODUCT(C101:E101) -> 0.1425 | H101: 13 | I101: =F101*H101 -> 1.8525
B102: RAMPAS | F102: =+PRODUCT(C102:E102) -> 0 | H102: 1 | I102: =F102*H102 -> 0
B103: GOBERNADOR TALLER MIGUELIN
B104: LOSAS | C104: 2.85 | D104: 0.9 | E104: 0.15 | F104: =+PRODUCT(C104:E104) -> 0.38475 | G104: 12 | H104: 2 | I104: =F104*H104*G104 -> 9.234
B105: VIGAS | C105: 3.3 | D105: 0.15 | E105: 0.25 | F105: =+PRODUCT(C105:E105) -> 0.12375 | H105: 13 | I105: =F105*H105 -> 1.60875
B106: RAMPAS | F106: =+PRODUCT(C106:E106) -> 0 | H106: 1 | I106: =F106*H106 -> 0
B107: CHALECHE LAS CURVAS
B108: Rieles laterales | C108: 2.85 | D108: 0.9 | E108: 0.15 | F108: =+PRODUCT(C108:E108) -> 0.38475 | G108: 9 | H108: 2 | I108: =F108*H108*G108 -> 6.9255
B109: Riel Central | C109: 2.85 | D109: 1.4 | E109: 0.15 | F109: =+PRODUCT(C109:E109) -> 0.5985 | H109: 9 | I109: =F109*H109 -> 5.3865
B110: Vigas | C110: 5.6 | D110: 0.15 | E110: 0.25 | F110: =+PRODUCT(C110:E110) -> 0.21 | H110: 10 | I110: =F110*H110 -> 2.1
B111: Rampas de Acceso | F111: =+PRODUCT(C111:E111) -> 0 | H111: 0 | I111: =F111*H111 -> 0
B112: ESPIGAS LA CURVA DEL GATO
B113: LOSAS | C113: 2.85 | D113: 0.9 | E113: 0.15 | F113: =+PRODUCT(C113:E113) -> 0.38475 | G113: 13 | H113: 2 | I113: =F113*H113*G113 -> 10.0035
B114: Vigas | C114: 3.3 | D114: 0.15 | E114: 0.25 | F114: =+PRODUCT(C114:E114) -> 0.12375 | H114: 14 | I114: =F114*H114 -> 1.7325
B115: Rampas de Acceso | F115: =+PRODUCT(C115:E115) -> 0 | H115: 0 | I115: =F115*H115 -> 0
J125: =+SUM(I96:I124) -> 59.81325 | K125: M3
A127: ITEM | B127: LOCALIZACION | C127: DIMENSIONES | F127: VOL | G127: LONG TOTAL | H127: CANT | I127: PARCIAL | J127: TOTAL | K127: UNID.
A128: =+'[129]Presupuesto '!B17 -> 4.2 | C128: LARGO/RADIO PROM | D128: ANCHO PROM | E128: ALTO/ESP
A129: =+'[129]Presupuesto '!D17 -> CONCRETO CICLÓPEO CLASE G, 2000 PSI 40% RAJON PARA BASES | B129: SALINAS ALTO COLEGIO
B130: CENTRO | C130: 2.85 | D130: 0.9 | E130: 0.15 | F130: =+PRODUCT(C130:E130) -> 0.38475 | H130: 13 | I130: =+H130*F130 -> 5.00175
B131: SOBREANCHO | C131: 2.85 | D131: 0.6 | E131: 0.15 | F131: =+PRODUCT(C131:E131) -> 0.2565 | H131: 13 | I131: =F131*H131 -> 3.3345
B132: RANCHERIA SECTOR EL RETEN
B133: CENTRO | C133: 2.85 | D133: 0.9 | E133: 0.15 | F133: =+PRODUCT(C133:E133) -> 0.38475 | H133: 12 | I133: =+H133*F133 -> 4.617
B134: SOBREANCHO | C134: 2.85 | D134: 1.1 | E134: 0.15 | F134: =+PRODUCT(C134:E134) -> 0.47025 | H134: 12 | I134: =F134*H134 -> 5.643
B135: GOBERNADOR TALLER MIGUELIN
B136: CENTRO | C136: 2.85 | D136: 0.9 | E136: 0.15 | F136: =+PRODUCT(C136:E136) -> 0.38475 | H136: 12 | I136: =+H136*F136 -> 4.617
B137: SOBREANCHO | C137: 2.85 | D137: 0.6 | E137: 0.15 | F137: =+PRODUCT(C137:E137) -> 0.2565 | H137: 12 | I137: =F137*H137 -> 3.078
B138: CHALECHE LAS CURVAS
B139: LATERALES | C139: 2.85 | D139: 0.9 | E139: 0.15 | F139: =+PRODUCT(C139:E139) -> 0.38475 | G139: 2 | H139: 9 | I139: =+H139*F139*G139 -> 6.9255
B140: SOBREANCHO | C140: 2.85 | D140: 0.3 | E140: 0.15 | F140: =+PRODUCT(C140:E140) -> 0.12825 | G140: 2 | H140: 9 | I140: =F140*H140*G140 -> 2.3085
B141: ESPIGAS LA CURVA DEL GATO
B142: LATERALES | C142: 2.85 | D142: 0.9 | E142: 0.15 | F142: =+PRODUCT(C142:E142) -> 0.38475 | H142: 13 | I142: =+H142*F142 -> 5.00175
B143: SOBREANCHO | C143: 2.85 | D143: 0.6 | E143: 0.15 | F143: =+PRODUCT(C143:E143) -> 0.2565 | H143: 13 | I143: =F143*H143 -> 3.3345
J156: =+SUM(I130:I155) -> 43.8615 | K156: M3
A158: ITEM | B158: LOCALIZACION | C158: DIMENSIONES | F158: VOL | G158: PESO (KG) | H158: CANT | I158: PARCIAL | J158: TOTAL | K158: UNID.
A159: =+'[129]Presupuesto '!B18 -> 4.3 | C159: LARGO/RADIO PROM | D159: ANCHO PROM | E159: ALTO/ESP
A160: =+'[129]Presupuesto '!D18 -> CUNETA DE CONCRETO CLASE E, 2500 PSI FUNDIDA EN EL LUGAR | B160: SALINAS ALTO COLEGIO
B161: CUNETA TIPO V | C161: 42 | D161: 0.6 | E161: 0.15 | F161: =+PRODUCT(C161:E161) -> 3.78 | H161: 2 | I161: =+H161*F161 -> 7.56
B162: RANCHERIA SECTOR EL RETEN
B163: CUNETA TIPO V | C163: 40 | D163: 0.6 | E163: 0.15 | F163: =+PRODUCT(C163:E163) -> 3.6 | H163: 2 | I163: =+H163*F163 -> 7.2
B164: GOBERNADOR TALLER MIGUELIN
B165: CUNETA TIPO V | C165: 37 | D165: 0.6 | E165: 0.15 | F165: =+PRODUCT(C165:E165) -> 3.33 | H165: 2 | I165: =+H165*F165 -> 6.66
...

Sheet PROPUESTA ECONOMICA(Proponente)
C3: Formulario 1 - Propuesta económica - Documento tipo de licitación de obra pública de infraestructura de transporte - versión 4
C4: Código | D4: CCE-EICP-FM-14 | E4: Versión | F4: 4
C5: FORMULARIO 1
C6: PROPUESTA ECONÓMICA
C7: [La entidad puede utilizar este formulario de presentación de propuesta económica de forma detallada, sin perjuicio que la entidad pueda modificarlo o establecer la presentación de la oferta económica con un formulario distinto al indicado.] [Los proponentes emplearán el formulario establecido por la entidad para determinar su propuesta económica conforme al Formulario 1 - Presupuesto Oficial publicado por la Entidad]
C9: Cuando el proceso de contratación es estructurado por precios unitarios, la Entidad debe aplicar las notas 1, 2 y 3 del presente formato y las casillas de "Descripción", "Porcentaje" de la Administración, Imprevisto, Utilidad y total A.I.U. resaltadas en color amarillo.
C46: Subtotal
C51: Subtotal
C56: Subtotal
C61: Subtotal
C66: Subtotal
C71: Subtotal
C76: Subtotal
C79: Subtotal
C80: SUBTOTAL OBRAS
G85: SUBTOTAL OBRAS (INCLUYE IVA)
G89: VALOR TOTAL
C92: NOTA 1: Se debe tener en cuenta que el PRECIO UNITARIO incluye el valor de A.I.U. | H92: DESCRIPCIÓN | K92: PORCENTAJE
C93: NOTA 2: Cuando la fracción decimal del peso sea igual o superior a 5 se aproximara por exceso al número entero siguiente del peso y cuando la fracción decimal del peso sea inferior a 5 se aproximará por defecto al número entero del peso. | H93: ADMINISTRACIÓN | J93: A= | K93: [Ofrecimiento del Proponente]
C94: NOTA 3: El A.I.U y su discriminación deben estar en porcentaje (%). | H94: IMPREVISTO | J94: I= | K94: [Ofrecimiento del Proponente]
H95: UTILIDAD | J95: U= | K95: [Ofrecimiento del Proponente]
H96: TOTAL A.I.U | J96: A.I.U.= | K96: [Ofrecimiento del Proponente]
G99: Firma del Proponente o de su Representante Legal
